 Dungeon Crawl Stone Soup version 0.31-a0-233-g139696dc86 (webtiles) character file.

Game seed: 15887234010084730418

53 pokeman the Magician (level 3, -4/20 HPs)
             Began as a Deep Elf Hedge Wizard on July 7, 2023.
             Slain by Crazy Yiuf
             ... wielding a +4 quarterstaff of chaos
              (10 damage)
             ... on level 2 of the Dungeon.
             The game lasted 00:03:42 (1747 turns).

pokeman the Magician (Deep Elf Hedge Wizard)        Turns: 1747, Time: 00:03:43

Health: -4/20      AC:  5    Str:  7    XL:     3   Next: 62%
Magic:  5/11       EV: 12    Int: 20    God:
Gold:   37         SH:  0    Dex: 14    Spells: 4/12 levels left

rFire   . . .        a - +0 dagger
rCold   . . .        (no shield)
rNeg    . . .        b - +0 robe
rPois   .            h - +0 helmet
rElec   .            (no cloak)
rCorr   .            g - +0 pair of gloves
SInv    .            m - +0 pair of boots
Will    .....        (no amulet)
Stlth   +            (no ring)
HPRegen 0.23/turn    (no ring)
MPRegen 0.12/turn

%: no passive effects
@: confused, very slightly contaminated
A: no striking features
a: no special abilities


You were on level 2 of the Dungeon.
You visited 1 branch of the dungeon, and saw 2 of its levels.

You collected 127 gold pieces.
You spent 90 gold pieces at shops.

Inventory:

Hand Weapons
 a - a +0 dagger (weapon)
Armour
 b - a +0 robe (worn)
 g - a +0 pair of gloves (worn)
 h - a +0 helmet (worn)
 m - a +0 pair of boots (worn)
Scrolls
 e - a scroll of blinking {unknown}
 f - a scroll of revelation {unknown}
 i - 3 scrolls of brand weapon {unknown}
 j - 4 scrolls of identify {unknown}
 n - a scroll of noise {unknown}
Potions
 c - a potion of lignification {unknown}
 d - 2 potions of magic
 k - 2 potions of heal wounds
 l - a potion of cancellation {unknown}
 o - a potion of degeneration
 p - a potion of curing
 q - a potion of haste {unknown}


   Skills:
 - Level 1.0 Fighting
 + Level 1.0 Armour
 + Level 2.4 Dodging
 - Level 2.4 Stealth
 * Level 5.3 Spellcasting
 + Level 2.0 Conjurations
 - Level 1.1 Summonings
 - Level 1.1 Translocations


You had 4 spell levels left.
You knew the following spells:

 Your Spells              Type           Power      Damage    Failure   Level
a - Magic Dart            Conj           52%        1d5       4%          1
b - Mephitic Cloud        Conj/Pois/Air  8%         N/A       26%         3
c - Call Imp              Summ           18%        N/A       11%         2
d - Blink                 Tloc           18%        N/A       11%         2

Your spell library contained the following spells:

 Spells                   Type           Power      Damage    Failure   Level
 Slow                     Hex            20%        N/A       12%         1
 Cigotuvi's Dreadful Rot  Necr/Pois/Air  10%        N/A       17%         2
 Ensorcelled Hibernation  Hex/Ice        10%        N/A       17%         2
 Passwall                 Tmut/Erth      4%         N/A       17%         2
 Swiftness                Air            5%         N/A       34%         3


Dungeon Overview and Level Annotations

Branches:
Dungeon (2/15)

Altars:
Xom

Shops:
D:2 !

Annotations:
D:2 Crazy Yiuf


Message History

There is a stone staircase leading down here.
j - 4 scrolls labelled VUXAGU HALERR (gained 1)
Found a hammer.
Found a runed translucent door.
Crazy Yiuf shouts!
You open the door.
Casting: Magic Dart (safe; 4% risk of failure)
Confirm with . or Enter, or press ? or * to list all spells.
The spell is extremely dangerous to miscast (26% risk of failure)!
Continue anyway?
Aiming: Mephitic Cloud (extremely dangerous; 26% risk of failure)
Press: ? - help, Shift-Dir - straight line, f - Crazy Yiuf
Aim: Crazy Yiuf, wielding a +4 quarterstaff of chaos and wearing a +0 cloak (chance to affect: 86%)
You miscast Mephitic Cloud.
You are very lightly contaminated with residual magic.
Sparks of electricity dance around you.
Casting: Mephitic Cloud (extremely dangerous; 26% risk of failure)
Confirm with . or Enter, or press ? or * to list all spells.
The spell is extremely dangerous to miscast (26% risk of failure)!
Continue anyway?
Aiming: Mephitic Cloud (extremely dangerous; 26% risk of failure)
Press: ? - help, Shift-Dir - straight line, f/p - Crazy Yiuf
Aim: Crazy Yiuf, wielding a +4 quarterstaff of chaos and wearing a +0 cloak (chance to affect: 86%) That beam is likely to hit you.
Continue anyway?
The ball explodes into a vile cloud!
The stinking cloud engulfs Crazy Yiuf but does no damage.
The stinking cloud engulfs you but does no damage.
You are engulfed in noxious fumes.
You choke on the stench!
You are confused.
Crazy Yiuf is engulfed in noxious fumes.
Crazy Yiuf appears confused.
Crazy Yiuf hits you with a +4 quarterstaff of chaos!
* * * LOW HITPOINT WARNING * * *
Unknown command.
You hit Crazy Yiuf.
Crazy Yiuf is lightly wounded.
You are engulfed in noxious fumes.
You choke on the stench!
You are more confused.
Crazy Yiuf is engulfed in noxious fumes.
Crazy Yiuf appears confused.
Crazy Yiuf hits you with a +4 quarterstaff of chaos!
Ouch! That really hurt!
You die...

#.#...# ##.#
#.#.#.####..###
#.###.........# #.#
########### #######.#
........# ........##♣♣
### .........#.♣♣
♣♣#..)#
............♣♣♣♣@g☼..#
.............♣..♣#...#
.........#..♣.♣♣♣ ###
........##♣♣♣♣♣
........# .......##
....... ....... ###..


You could see Crazy Yiuf (confused).

Vanquished Creatures
  5 endoplasms (D:1)
  2 giant cockroaches (D:1)
  6 goblins
  4 hobgoblins
  2 jackals (D:1)
  6 kobolds
  2 quokkas
  7 ball pythons
  4 bats
  4 frilled lizards (D:1)
  5 rats
47 creatures vanquished.

Notes
Turn   | Place    | Note
-------+----------+-------------------------------------------
     0 | D:1      | pokeman the Deep Elf Hedge Wizard began the quest for the
                  | Orb.
     0 | D:1      | Reached XP level 1. HP: 10/10 MP: 7/7
   130 | D:1      | Reached XP level 2. HP: 15/15 MP: 7/9
   549 | D:1      | Reached skill level 5 in Spellcasting
   833 | D:1      | Reached XP level 3. HP: 20/20 MP: 6/11
   837 | D:1      | Learned a level 3 spell: Mephitic Cloud
   840 | D:1      | Learned a level 2 spell: Call Imp
   850 | D:1      | Learned a level 2 spell: Blink
  1187 | D:2      | Found a shimmering altar of Xom.
  1410 | D:2      | Found a faded altar of an unknown god.
  1442 | D:2      | Reached skill level 1 in Fighting
  1522 | D:2      | Found Ducaf's Distillery.
  1550 | D:2      | Bought a potion of degeneration for 10 gold pieces
  1550 | D:2      | Bought a potion of curing for 30 gold pieces
  1550 | D:2      | Bought a potion of heal wounds for 50 gold pieces
  1572 | D:2      | Reached skill level 1 in Armour
  1740 | D:2      | Found a runed translucent door.
  1741 | D:2      | Noticed Crazy Yiuf
  1747 | D:2      | Slain by Crazy Yiuf

Illustrated notes

Levels and vault maps discovered:
D:1:      wander_arrival_chamber, layout_rooms, reono_crystal_passage,
          grunt_decor_junction, serial_bayou_pond_a, minmay_circled_x
D:2:      layout_basic, serial_shops, shop, nicolae_ecumenical_oubliette,
          basic_altar, minmay_pentomino_s2, uniq_crazy_yiuf_cottage

Skill      XL: |  1  2  3 |
---------------+----------+-----
Spellcasting   | 5 |  5.3
Conjurations   | 2 |  2.0
Fighting       | 1 |  1.0
Armour         | 1 |  1.0
Dodging        | |  2.4
Stealth        | |  2.4
Summonings     | |  1.1
Translocations | |  1.1

Action                     || total
---------------------------++-------
  Melee: Dagger            ||    26
   Cast: Magic Dart        ||   107
         Mephitic Cloud    ||     1
 Armour: Robe              ||    11
  Dodge: Dodged            ||    34

Table legend: (Time is in decaauts)
 A = Elapsed time spent in this place.
 B = Non-inter-level travel time spent in this place.
 C = Inter-level travel time spent in this place.
 D = Time resting spent in this place.
 E = Time spent auto-exploring this place.
 F = Levels seen in this place.
 G = Mean time per level.
                   A        B        C        D        E       F      G
               +--------+--------+--------+--------+--------+-----+--------+
         Total |   1746 |   1728 |     18 |     95 |   1346 |   2 |  873.0 |
       Dungeon |   1746 |   1728 |     18 |     95 |   1346 |   2 |  873.0 |
               +--------+--------+--------+--------+--------+-----+--------+

Top non-repeatable levels by time:
     D:1: 1160 daAuts
     D:2: 586 daAuts
